 Dungeon Crawl Stone Soup version 0.28-a0-199-g298df9dbad (webtiles) character file.

Game seed: 8113527128941961172

119 lunkers the Magician (level 5, -3/38 HPs)
             Began as a Djinni Earth Elementalist on Aug 19, 2021.
             Slain by a lemure (8 damage)
             ... led by Pikel
             ... on level 3 of the Dungeon.
             The game lasted 00:02:50 (2903 turns).

lunkers the Magician (Djinni Earth Elementalist)    Turns: 2903, Time: 00:02:50

Health: -3/38      AC:  2    Str:  7    XL:     5   Next: 23%
Gold:   54         EV: 12    Int: 18    God:
                   SH:  0    Dex: 13

rFire   + + .      SeeInvis .   (no weapon)
rCold   x . .      Faith    .   (no shield)
rNeg    . . .      Spirit   .   b - +0 robe
rPois   ∞          Reflect  .   (no helmet)
rElec   .          Harm     .   (no cloak)
rCorr   .          Rampage  .   (no gloves)
Will    .....                   (boots unavailable)
Stlth   ++........              (no amulet)
HPRegen 0.12/turn               (no ring)
MPRegen 0.00/turn               (no ring)

@: flying
A: sickness immunity, fire resistance 2, cold vulnerability 1, float, innate
caster, hp casting, extra vitality 1
a: no special abilities


You were on level 3 of the Dungeon.
You visited 1 branch of the dungeon, and saw 4 of its levels.

You collected 54 gold pieces.

Inventory:

Missiles
 c - 73 stones
Armour
 b - a +0 robe (worn)
Scrolls
 a - a scroll of brand weapon {unknown}
 d - a scroll of identify {unknown}
 e - a scroll of blinking {unknown}
 f - a scroll of enchant weapon {unknown}
 g - a scroll of amnesia {unknown}
 h - a scroll of teleportation {unknown}
 i - a scroll of enchant armour {unknown}


   Skills:
 + Level 2.3 Fighting
 - Level 2.1 Dodging
 - Level 1.5 Stealth
 * Level 3.8 Spellcasting


You couldn't memorise any spells.
You knew the following spells:

 Your Spells              Type           Power      Damage    Failure   Level
a - Sandblast             Erth           34%        2d9       3%          1
b - Passwall              Tmut/Erth      14%        N/A       4%          2
c - Stone Arrow           Conj/Erth      34%        3d9       10%         3
d - Petrify               Tmut/Erth      17%        N/A       30%         4
e - Sting                 Tmut/Pois      68%        1d6       3%          1
f - Static Discharge      Conj/Air       17%        N/A       4%          2
Your spell library was empty.

Dungeon Overview and Level Annotations

Branches:
Dungeon (4/15)
 Temple: D:4-7

Altars:
Cheibriados

Shops:
D:2 *

Annotations:
D:3 Pikel


Innate Abilities, Weirdness & Mutations

You are immune to sickness and miasma.
You are immune to poison.
Your flesh is very heat resistant. (rF++)
You are vulnerable to cold. (rC-)
You float through the air rather than walking.
You learn spells naturally, not from books.
Your magical power is your life essence.
You have superior vitality. (+4 HP)


Message History

There are monsters nearby!
Casting: Sandblast (safe; 3% risk of failure)
Confirm with . or Enter, or press ? or * to list all spells.
The blast of sand hits the lemure!
The lemure is moderately wounded.
The lemure shouts!
Pikel hits you with a +2 whip of flaming.
The lemure hits you! The lemure barely misses you.
Casting: Sandblast (safe; 3% risk of failure)
Confirm with . or Enter, or press ? or * to list all spells.
The blast of sand hits the lemure but does no damage.
The lemure is moderately wounded.
The lemure closely misses you. Pikel misses you. The lemure hits you.
* * * LOW HITPOINT WARNING * * *
The lemure hits you.
* * * LOW HITPOINT WARNING * * *
The lemure hits you but does no damage. The lemure hits you.
* * * LOW HITPOINT WARNING * * *
Pikel completely misses you.
You fly upwards.
There is a stone staircase leading down here.
Unknown command.
Unknown command.
Okay, then.
You aren't carrying any potions.
Unknown command.
Okay, then.
Casting: Sandblast (safe; 3% risk of failure)
Confirm with . or Enter, or press ? or * to list all spells.
Okay, then.
Casting: Sandblast (safe; 3% risk of failure)
Confirm with . or Enter, or press ? or * to list all spells.
Aiming: Passwall (safe; 4% risk of failure)
Press: ? - help, Dir - move target A rock wall.
* * * LOW HITPOINT WARNING * * *
The lemure hits you!
* * * LOW HITPOINT WARNING * * *
The lemure hits you!
You die...

.....# #.# ####.#
#.# .###.###.#
.).....#.#
####.#.#.# # #.#.#.#
####.#.#.#
##...#.#.###########
........>.....55@5.#
##.###.###########K#
...# ###.## #.#
##.####.#.## #.#
#...##.###.## #.#
..#...## ##.# #.#
#...##.###.## #.#
##.####.#.## #.#
#.#####.#########.#


You could see Pikel and 3 lemures.

Vanquished Creatures
  A hound (D:3)
  4 adders
  A worm (D:2)
  An orc (D:3)
  4 ball pythons
  3 endoplasms
  4 giant cockroaches
  2 goblins (D:3)
  4 hobgoblins
  5 jackals
  4 quokkas
  2 bats (D:2)
  3 frilled lizards
  9 kobolds
  2 rats (D:2)
49 creatures vanquished.

Vanquished Creatures (others)
  A plant (D:3)
1 creature vanquished.

Grand Total: 50 creatures vanquished

Notes
Turn   | Place    | Note
-------+----------+-------------------------------------------
     0 | D:1      | lunkers the Djinni Earth Elementalist began the quest for
                  | the Orb.
     0 | D:1      | Reached XP level 1. HP: 15/15 MP: 0/0
   367 | D:1      | Reached XP level 2. HP: 21/22 MP: 0/0
   666 | D:1      | Reached skill level 1 in Fighting
  1199 | D:2      | Reached skill level 3 in Spellcasting
  1199 | D:2      | Reached XP level 3. HP: 24/27 MP: 0/0
  1199 | D:2      | Learned a level 1 spell: Sting
  1273 | D:2      | Found a snail-covered altar of Cheibriados.
  1297 | D:2      | Found a faded altar of an unknown god.
  1655 | D:2      | Reached XP level 4. HP: 30/32 MP: 0/0
  1681 | D:2      | Found Tedy's Assorted Antiques.
  2460 | D:3      | Reached XP level 5. HP: 24/38 MP: 0/0
  2460 | D:3      | Learned a level 2 spell: Static Discharge
  2898 | D:4      | Noticed Pikel
  2898 | D:4      | Noticed a lemure
  2898 | D:4      | Noticed a lemure
  2898 | D:4      | Noticed a lemure
  2898 | D:4      | Noticed a lemure
  2903 | D:3      | Slain by a lemure

Illustrated notes

Levels and vault maps discovered:
D:1:      lightli_arrival_chessboard, layout_basic
D:2:      layout_rooms, serial_shops, nicolae_diamond_shop,
          chequers_ecumenical_altar_twisty, basic_altar,
          chequers_serial_rivers_large_b, minmay_statues_item
D:3:      layout_loops_ring, minmay_fountain_box, serial_bayou_pond_e,
          hangedman_decor_opposing, minivault_19, kennysheep_decorative_pillar,
          minmay_distorted
D:4:      layout_loops_corners, uniq_pikel

Skill      XL: |  1  2  3  4 |
---------------+-------------+-----
Fighting       | 1 2 |  2.3
Spellcasting   | 3 |  3.8
Dodging        | |  2.1
Stealth        | |  1.5

Action                   |  1- 3 |  4- 6 || total
-------------------------+-------+-------++-------
 Cast: Sandblast         |    54 |    33 ||    87
       Passwall          |       |     1 ||     1
Armor: Robe              |     6 |     1 ||     7
Dodge: Dodged            |    16 |    10 ||    26

Table legend: (Time is in decaauts)
 A = Elapsed time spent in this place.
 B = Non-inter-level travel time spent in this place.
 C = Inter-level travel time spent in this place.
 D = Time resting spent in this place.
 E = Time spent auto-exploring this place.
 F = Levels seen in this place.
 G = Mean time per level.
                   A        B        C        D        E       F      G
               +--------+--------+--------+--------+--------+-----+--------+
         Total |   2902 |   2826 |     76 |      0 |   2587 |   4 |  725.5 |
       Dungeon |   2902 |   2826 |     76 |      0 |   2587 |   4 |  725.5 |
               +--------+--------+--------+--------+--------+-----+--------+

Top non-repeatable levels by time:
     D:1: 1195 daAuts
     D:3: 936 daAuts
     D:2: 767 daAuts
     D:4: 3 daAuts
